 Dungeon Crawl Stone Soup version 0.26-a0-651-gb41185065b (webtiles) character file.

Game seed: 15488781858064787835

105 Irenicus the Digger (level 4, -2/36 HPs)
             Began as a Deep Dwarf Earth Elementalist on Oct 6, 2020.
             Slain by a gnoll
             ... wielding a +0 spear
              (5 damage)
             ... on level 2 of the Dungeon.
             The game lasted 00:07:19 (1219 turns).

Irenicus the Digger (Deep Dwarf Earth Elementalist) Turns: 1219, Time: 00:07:20

Health: -2/36      AC:  2    Str: 11    XL:     4   Next: 54%
Magic:  2/6        EV: 12    Int: 17    God:
Gold:   74         SH:  0    Dex: 13    Spells: 3/6 levels left

rFire    . . .     SeeInvis .   e - +0 short sword
rCold    . . .     Faith    .   (no shield)
rNeg     . . .     Spirit   .   c - +0 robe
rPois    .         Reflect  .   (no helmet)
rElec    .         Harm     .   (no cloak)
rCorr    .         Rampage  .   (no gloves)
MR       .....                  (no boots)
Stlth    ++........             (no amulet)
HPRegen  0.00/turn              (no ring)
MPRegen  0.10/turn              (no ring)

@: non-regenerating
A: damage resistance, heal wounds, sense surroundings 1, no regeneration
a: Heal Wounds


You were on level 2 of the Dungeon.
You visited 1 branch of the dungeon, and saw 2 of its levels.

You collected 74 gold pieces.

Inventory:

Hand Weapons
 e - a +0 short sword (weapon)
   (You found it on level 1 of the Dungeon)
Missiles
 b - 73 stones (quivered)
Armour
 c - a +0 robe (worn)
Jewellery
 m - an uncursed ring of fire {rF+, rC-}
   (You found it on level 2 of the Dungeon)
Scrolls
 a - 2 scrolls of remove curse
 d - 3 scrolls of identify {unknown}
 g - 2 scrolls of enchant weapon {unknown}
 h - a scroll of amnesia {unknown}
 i - a scroll of teleportation {unknown}
 j - 3 scrolls of random uselessness {unknown}
 l - a scroll of magic mapping {unknown}
 o - a scroll of immolation {unknown}
Potions
 f - a potion of lignification {unknown}
 k - a potion of curing {unknown}
 n - a potion of heal wounds {unknown}
 p - a potion of might {unknown}
 q - a potion of degeneration {unknown}


   Skills:
 - Level 2.1 Dodging
 - Level 2.4 Stealth
 - Level 1.7 Spellcasting
 - Level 0.8 Transmutations
 + Level 7.1 Earth Magic


You had 3 spell levels left.
You knew the following spells:

 Your Spells              Type           Power        Failure   Level
a - Sandblast             Erth           ####..       1%          1
w - Passwall              Tmut/Erth      ###.....     6%          2

Your spell library contained the following spells:

 Spells                   Type           Power        Failure   Level
 Stone Arrow              Conj/Erth      ##....       14%         3
 Lee's Rapid Deconstruct  Erth           ####......   28%         5
 Petrify                  Tmut/Erth      ###.....     36%         4


Dungeon Overview and Level Annotations

Branches:
Dungeon (2/15)

Altars:
Qazlal
Uskayaw


Innate Abilities, Weirdness & Mutations

You are resistant to damage.
You can heal yourself by infusing magical energy.
You passively map a small area around you.
You do not regenerate.


Message History

b - 81 stones You now have 4/6 mp.
You now have 74 gold pieces (gained 13).
Found a stone staircase leading up.
A gnoll comes into view. It is wielding a +0 halberd.
MP restored: 6 The gnoll shouts!
You hear a shout!
A gnoll comes into view. It is wielding a +0 halberd.
A gnoll comes into view. It is wielding a +0 spear.
The gnoll moves out of view.
Casting: Sandblast (safe; 1% risk of failure)
Confirm with . or Enter, or press ? or * to list all spells.
Aiming: Sandblast (safe; 1% risk of failure)
Press: ? - help, Shift-Dir - straight line, f - gnoll
Aim: a gnoll, wielding a +0 halberd The blast of sand hits the gnoll!!
You kill the gnoll!
Your Earth Magic skill increases to level 7!
b - 80 stones You now have 5/6 mp.
Casting: Sandblast (safe; 1% risk of failure)
Confirm with . or Enter, or press ? or * to list all spells.
Okay, then.
Casting: Sandblast (safe; 1% risk of failure)
Confirm with . or Enter, or press ? or * to list all spells.
Aiming: Sandblast (safe; 1% risk of failure)
Press: ? - help, Shift-Dir - straight line, f - gnoll
Aim: a gnoll, wielding a +0 halberd The blast of sand misses the gnoll.
b - 79 stones You now have 4/6 mp.
Casting: Sandblast (safe; 1% risk of failure)
Confirm with . or Enter, or press ? or * to list all spells.
Aiming: Sandblast (safe; 1% risk of failure)
Press: ? - help, Shift-Dir - straight line, f/p - gnoll
Aim: a gnoll, wielding a +0 halberd The blast of sand misses the gnoll.
b - 78 stones You now have 3/6 mp.
Casting: Sandblast (safe; 1% risk of failure)
Confirm with . or Enter, or press ? or * to list all spells.
Aiming: Sandblast (safe; 1% risk of failure)
Press: ? - help, Shift-Dir - straight line, f/p - gnoll
Aim: a gnoll, wielding a +0 halberd The blast of sand hits the gnoll but does no damage.
b - 77 stones The gnoll hits you from afar with a +0 halberd.
* * * LOW HITPOINT WARNING * * *
You take 5 damage, and have 9/36 hp.
You now have 2/6 mp.
Casting: Sandblast (safe; 1% risk of failure)
Confirm with . or Enter, or press ? or * to list all spells.
Aiming: Sandblast (safe; 1% risk of failure)
Press: ? - help, Shift-Dir - straight line, f/p - gnoll
Aim: a gnoll, wielding a +0 halberd The blast of sand hits the gnoll!
The gnoll is severely wounded.
b - 76 stones The gnoll misses you.
You now have 1/6 mp.
Casting: Sandblast (safe; 1% risk of failure)
Confirm with . or Enter, or press ? or * to list all spells.
Aiming: Sandblast (safe; 1% risk of failure)
Press: ? - help, Shift-Dir - straight line, f/p - gnoll
Aim: a gnoll, wielding a +0 halberd (severely wounded)
The blast of sand hits the gnoll!
You kill the gnoll!
b - 75 stones You now have 0/6 mp.
You see here a +0 halberd.
You see here a +0 halberd.
q - a glowing amethyst potion A goblin comes into view.
It is wielding a -2 club.
You see here a scroll labeled USHUOR XIPNUHU.
j - 3 scrolls labeled USHUOR XIPNUHU (gained 1)
The goblin shouts!
The goblin hits you with a cursed -2 club.
Casting: Sandblast (safe; 1% risk of failure)
Confirm with . or Enter, or press ? or * to list all spells.
Aiming: Sandblast (safe; 1% risk of failure)
Press: ? - help, Shift-Dir - straight line, f - goblin
Aim: a goblin, wielding a -2 club The blast of sand hits the goblin!
You kill the goblin!
b - 74 stones You now have 2/6 mp.
You see here a cursed -2 club.
The gnoll shouts!
The gnoll hits you from afar with a +0 spear!
* * * LOW HITPOINT WARNING * * *
You take 6 damage, and have 3/36 hp.
Casting: Sandblast (safe; 1% risk of failure)
Confirm with . or Enter, or press ? or * to list all spells.
Aiming: Sandblast (safe; 1% risk of failure)
Press: ? - help, Shift-Dir - straight line, f - gnoll
Aim: a gnoll, wielding a +0 spear The blast of sand hits the gnoll.
The gnoll is lightly wounded.
b - 73 stones The gnoll hits you from afar with a +0 spear.
You die...

...)........... ...... ..>....
##...##...#...###.#..#. *#.##.##.
##........#.......... * #.......
###................ , #.#.##.
##.......#.#..#...$ .......
##..##.#.#.#..#.#.#....# .......
##..##.#.#.#..#.#.#....# #.####.
##..##.#.#.#..#.#.#....#* #.# #.
.........#......@.g..... #.# #.
...................#..## #.# #.
....#...##.#.##.##.#..### #.####.
........##.#.##.##.#....###......
.#...............................
.##.#....#)####.##.#...)###'####.
........................'†.......
........##.####.##'##...##.......
........##.##.......#...##.......


You could see a gnoll.

Vanquished Creatures
  2 gnolls (D:2)
  3 adders (D:2)
  An ooze (D:2)
  A worm (D:2)
  2 dart slugs (D:2)
  5 leopard geckos
  6 bats
  3 giant cockroaches
  4 goblins
  A hobgoblin (D:1)
  4 frilled lizards
  9 kobolds
  6 rats
47 creatures vanquished.

Vanquished Creatures (others)
  12 plants (D:1)
12 creatures vanquished.

Grand Total: 59 creatures vanquished

Notes
Turn   | Place    | Note
-------+----------+-------------------------------------------
     0 | D:1      | Irenicus the Deep Dwarf Earth Elementalist began the quest
                  | for the Orb.
     0 | D:1      | Reached XP level 1. HP: 15/15 MP: 3/3
   217 | D:1      | Reached XP level 2. HP: 22/22 MP: 0/4
   236 | D:1      | Learned a level 2 spell: Passwall
   473 | D:1      | Reached skill level 5 in Earth Magic
   677 | D:2      | Reached XP level 3. HP: 19/28 MP: 2/5
   681 | D:2      | Reached skill level 6 in Earth Magic
   757 | D:2      | Found a hide-covered altar of Uskayaw.
   914 | D:2      | Found a stormy altar of Qazlal.
   953 | D:2      | Reached XP level 4. HP: 14/36 MP: 0/6
  1180 | D:2      | Reached skill level 7 in Earth Magic
  1184 | D:2      | HP: 9/36 [gnoll/+0 halberd (5)]
  1218 | D:2      | HP: 3/36 [gnoll/+0 spear (6)]
  1219 | D:2      | Slain by a gnoll

Illustrated notes

Levels and vault maps discovered:
D:1:      erik_arrival_cave_to_civilisation [erik_arrival_cave_to_temple],
          layout_basic, lexackson_kobold_supper
D:2:      layout_basic, lemuel_coloured_pillars_altar, old_standard_altar

Skill      XL: |  1  2  3  4 |
---------------+-------------+-----
Earth Magic    | 5 6 7 |  7.1
Dodging        | |  2.1
Stealth        | |  2.4
Spellcasting   | |  1.7
Transmutations | |  0.8

Action                   |  1- 3 |  4- 6 || total
-------------------------+-------+-------++-------
Melee: Short sword       |    36 |    14 ||    50
 Cast: Sandblast         |    37 |    15 ||    52
       Passwall          |     9 |       ||     9
  Use: Scroll            |     1 |       ||     1
 Stab: Sleeping          |     2 |       ||     2
Armor: Robe              |    11 |     5 ||    16
Dodge: Dodged            |    43 |    14 ||    57

Table legend: (Time is in decaauts)
 A = Elapsed time spent in this place.
 B = Non-inter-level travel time spent in this place.
 C = Inter-level travel time spent in this place.
 D = Time resting spent in this place.
 E = Time spent auto-exploring this place.
 F = Levels seen in this place.
 G = Mean time per level.
                   A        B        C        D        E       F      G
               +--------+--------+--------+--------+--------+-----+--------+
         Total |   1221 |   1221 |      0 |      0 |      0 |   2 |  610.5 |
       Dungeon |   1221 |   1221 |      0 |      0 |      0 |   2 |  610.5 |
               +--------+--------+--------+--------+--------+-----+--------+

Top non-repeatable levels by time:
     D:1: 655 daAuts
     D:2: 565 daAuts

Table legend:
 A = Kills in this place as a percentage of kills in entire the game.
 B = Kills by you in this place as a percentage of kills by you in the entire game.
 C = Kills by friends in this place as a percentage of kills by friends in the entire game.
 D = Other kills in this place as a percentage of other kills in the entire game.
 E = Experience gained in this place as a percentage of experience gained in the entire game.
 F = Experience gained in this place divided by the number of levels of this place that you have seen.
                   A       B       C       D       E      F
               +-------+-------+-------+-------+-------+----------------------
         Total | 100.0 | 100.0 |   N/A |   N/A | 100.0 |  75.5
       Dungeon | 100.0 | 100.0 |   N/A |   N/A | 100.0 |  75.5
               +-------+-------+-------+-------+-------+----------------------
